 Dungeon Crawl Stone Soup version 0.30-a0-591-g3c58d2bc28 (webtiles) character file.

Game seed: 733375479555902694

1143 wormed the Caller (level 8, -5/54 HPs)
             Began as an Octopode Summoner on Jan 5, 2023.
             Was an Initiate of Gozag.
             Killed from afar by a white imp (12 damage)
             ... with a puff of frost
             ... on level 6 of the Dungeon.
             The game lasted 00:14:45 (7250 turns).

wormed the Caller (Octopode Summoner)               Turns: 7250, Time: 00:14:45

Health: -5/54      AC:  1    Str:  7    XL:     8   Next: 37%
Magic:  10/14      EV: 14    Int: 20    God:    Gozag
Gold:   327        SH:  0    Dex: 12    Spells: 4/15 levels left

rFire   . . .      SeeInvis .      - Unarmed
rCold   . . .      Faith    .    (no shield)
rNeg    . . .      Spirit   .    (helmet restricted)
rPois   .          Reflect  .    (no amulet)
rElec   .          Harm     .    (no ring)
rCorr   .          Rampage  .    (no ring)
Will    .....                    (no ring)
Stlth   +++                      (no ring)
HPRegen 0.29/turn                (no ring)
MPRegen 0.14/turn                (no ring)
                                 (no ring)
                                 (no ring)

@: no status effects
A: almost no armour, amphibious, 8 rings, camouflage 1, gelatinous body 1,
(nimble swimmer 1), tentacles
a: Renounce Religion, Potion Petition, Call Merchant, Bribe Branch


You were on level 6 of the Dungeon.
You worshipped Gozag.
Gozag was aware of your devotion.
You visited 2 branches of the dungeon, and saw 7 of its levels.

You collected 416 gold pieces.
You paid 89 gold pieces to Gozag.

Inventory:

Jewellery
 l - a ring of ice
 r - a ring of wizardry
Wands
 i - a wand of mindburst (13)
 n - a wand of paralysis (1) (quivered)
Scrolls
 c - a scroll of identify
 e - 4 scrolls of teleportation
 f - 2 scrolls of enchant armour
 g - 2 scrolls of poison
 h - a scroll of fog
 o - 2 scrolls of magic mapping {unknown}
 q - a scroll of fear {unknown}
 s - a scroll of vulnerability {unknown}
 t - a scroll of torment {unknown}
 u - a scroll of immolation {unknown}
Potions
 a - 2 potions of magic
 b - a potion of haste {unknown}
 d - 2 potions of might {unknown}
 j - 2 potions of brilliance
 k - 3 potions of lignification {unknown}
 m - 3 potions of curing {unknown}
 p - a potion of flight {unknown}


   Skills:
 + Level 3.7 Fighting
 + Level 4.3 Dodging
 - Level 2.6 Stealth
 + Level 3.7 Unarmed Combat
 + Level 4.0 Spellcasting
 + Level 3.4 Hexes
 + Level 5.6 Summonings
 + Level 0.4 Air Magic


You had 4 spell levels left.
You knew the following spells:

 Your Spells              Type           Power      Damage    Failure   Level
a - Summon Small Mammal   Summ           100%       N/A       1%          1
b - Call Canine Familiar  Summ           26%        N/A       3%          3
c - Summon Guardian Gole  Hex/Summ       22%        N/A       6%          3
d - Summon Lightning Spi  Summ/Air       16%        N/A       36%         4

Your spell library contained the following spells:

 Spells                   Type           Power      Damage    Failure   Level
 Call Imp                 Summ           26%        N/A       1%          2
 Confusing Touch          Hex            17%        N/A       10%         3
 Tukima's Dance           Hex            17%        N/A       10%         3
 Kiss of Death            Conj/Necr      16%        2d6       13%         1
 Magic Dart               Conj           16%        1d3       13%         1
 Portal Projectile        Hex/Tloc       20%        N/A       19%         3
 Kindle Blastsparks       Fire/Tloc/Air  8%         2d10      34%         3
 Mephitic Cloud           Conj/Pois/Air  4%         N/A       34%         3
 Ignite Poison            Fire/Tmut/Pois 4%         N/A       36%         3
 Dispel Undead            Necr           4%         3d7       77%         4
 Freezing Cloud           Conj/Ice/Air   2%         6-21      97%         5
 Blade Hands              Tmut           2%         N/A       98%         5


Dungeon Overview and Level Annotations

Branches:
Dungeon (6/15)             Temple (1/1) D:5

Altars:
Cheibriados
Dithmenos
Elyvilon
Fedhas
Gozag
Hepliaklqana
Kikubaaqudgha
Makhleb
Nemelex Xobeh
Okawaru
Qazlal
Ru
Sif Muna
Trog
Uskayaw
Vehumet
Wu Jian
Xom
Yredelemnul
Zin

Shops:
D:1 [


Innate Abilities, Weirdness & Mutations

You cannot wear most types of armour.
You are amphibious.
You can wear up to eight rings at the same time.
Your skin changes colour to match your surroundings (Stealth+).
Your rubbery body absorbs attacks. (AC +1, EV +1)
((You are camouflaged when in or above water. (Stealth+)))
You have tentacles for arms and can constrict up to eight enemies at once.


Message History

Your hound misses the white imp. The white imp gestures at you.
The puff of frost hits your hound.
Your hound dies!
Your hound's corpse disappears in a puff of smoke!
Casting: Call Canine Familiar (dangerous; 3% risk of failure)
Confirm with . or Enter, or press ? or * to list all spells.
The white imp gestures at you. The puff of frost hits you!
* * * LOW HITPOINT WARNING * * *
Aiming: Paralyse
Press: ? - help, Q - select action, (/) - cycle Shift-Dir - straight line, f - white imp
Aim: a white imp (moderately wounded, ally target, chance to affect: 57%)
The white imp resists with significant effort.
Aiming: Paralyse
Press: ? - help, Q - select action, (/) - cycle Shift-Dir - straight line, f/p - white imp
Aim: a white imp (moderately wounded, ally target, chance to affect: 57%)
Okay, then.
You swap places.
Your hound completely misses the white imp.
The white imp gestures at you. The puff of frost hits your hound!
Your hound closely misses the white imp.
Aiming: Paralyse
Press: ? - help, Q - select action, (/) - cycle Shift-Dir - straight line, f - you, p - white imp
Okay, then.
Your hound bites the white imp.
The white imp gestures at you. The puff of frost hits your hound!
Your hound dies!
Your hound's corpse disappears in a puff of smoke!
Aiming: Paralyse
Press: ? - help, Q - select action, (/) - cycle Shift-Dir - straight line, f/p - white imp
Aim: a white imp (heavily wounded, chance to affect: 57%)
The white imp resists with significant effort.
The white imp grins evilly.
The white imp gestures at you. The puff of frost hits you!
You die...
Your body crumbles into a pile of gold.

#.........#....).#
#####......#....).#
#..........#......#
+...#......#...)<)#
#...#......#..(.... $
#####.#...##.....#)
....#..5.#########'###
.
..⌠#.§#..............
#.#
#.##@.#..............
...
#.....#..............
#..
#..##.##....#########
#.#####..##.#######
....##
#.................#
.......
#.................#
.......
#.................#
..~≈≈≈≈
#.................#
..≈≈~~~
##....##.##....##.#
..≈~≈≈≈


You could see a white imp.

Vanquished Creatures
  A phantom (D:4)
  An iguana (D:6)
  Natasha (twice) (D:3)
  3 gnolls
  An adder (D:5)
  An orc (D:6)
  2 endoplasms (D:1)
  A giant cockroach (D:1)
  2 hobgoblins
  A jackal (D:1)
  2 quokkas (D:1)
  A ball python (D:1)
  2 bats
  A goblin (D:1)
  A rat (D:3)
22 creatures vanquished.

Vanquished Creatures (collateral kills)
  A necrophage (D:4)
  2 scorpions
  A hound (D:6)
  An orc priest (D:5)
  Natasha (D:3)
  3 iguanas
  2 orc wizards
  4 gnolls
  9 adders
  2 ufetubi (D:5)
  2 worms
  4 dart slugs
  8 orcs
  6 ball pythons
  A bat (D:3)
  4 endoplasms
  5 giant cockroaches
  4 goblins
  5 hobgoblins
  A jackal (D:1)
  2 frilled lizards (D:1)
  4 kobolds
  8 rats
80 creatures vanquished.

Vanquished Creatures (others)
  An ice beast (D:5)
  An ogre (D:4)
  Blork the orc (D:4)
  A hound (D:4)
  Crazy Yiuf (D:4)
  An iguana (D:5)
  A gnoll (D:4)
  4 fungi (D:6)
11 creatures vanquished.

Grand Total: 113 creatures vanquished

Notes
Turn   | Place    | Note
-------+----------+-------------------------------------------
     0 | D:1      | wormed the Octopode Summoner began the quest for the Orb.
     0 | D:1      | Reached XP level 1. HP: 11/11 MP: 3/3
   206 | D:1      | Reached XP level 2. HP: 18/18 MP: 3/5
   610 | D:1      | Found Alera's Armour Emporium.
   730 | D:1      | Reached skill level 1 in Fighting
   730 | D:1      | Reached XP level 3. HP: 10/23 MP: 4/6
   994 | D:2      | Learned a level 3 spell: Call Canine Familiar
  1007 | D:2      | Reached skill level 1 in Unarmed Combat
  1227 | D:2      | Reached skill level 1 in Hexes
  1227 | D:2      | Reached XP level 4. HP: 28/28 MP: 0/7
  1377 | D:2      | Learned a level 3 spell: Summon Guardian Golem
  2026 | D:3      | Found a sacrificial altar of Ru.
  2588 | D:3      | Reached XP level 5. HP: 28/34 MP: 4/8
  2765 | D:3      | Noticed Natasha
  2794 | D:3      | Killed Natasha
  2828 | D:3      | Noticed Natasha
  2839 | D:3      | Killed Natasha
  2979 | D:3      | Noticed Natasha
  2994 | D:3      | Killed Natasha
  3055 | D:4      | Reached XP level 6. HP: 39/39 MP: 5/10
  3331 | D:4      | Found an ancient bone altar of Kikubaaqudgha.
  3336 | D:4      | Found a glowing silver altar of Zin.
  3576 | D:4      | Reached XP level 7. HP: 42/45 MP: 3/11
  3716 | D:4      | Reached skill level 5 in Summonings
  3725 | D:4      | Noticed Blork the orc
  3754 | D:4      | Killed Blork the orc
  4573 | D:4      | Found a runed translucent door.
  4574 | D:4      | Noticed Crazy Yiuf
  4626 | D:4      | Found a blossoming altar of Fedhas.
  4626 | D:4      | Found a bloodstained altar of Trog.
  4762 | D:4      | Killed Crazy Yiuf
  4847 | D:5      | Entered Level 5 of the Dungeon
  4896 | D:5      | Learned a level 4 spell: Summon Lightning Spire
  4976 | D:5      | Reached XP level 8. HP: 52/52 MP: 4/13
  5781 | D:5      | Found a staircase to the Ecumenical Temple.
  6214 | Temple   | Entered the Ecumenical Temple
  6289 | Temple   | Became a worshipper of Gozag Ym Sagoz the Greedy
  6352 | D:6      | Found a stormy altar of Qazlal.
  7250 | D:6      | Killed from afar by a white imp

Illustrated notes

Levels and vault maps discovered:
D:1:      dpeg_arrival_rhombi, layout_basic, serial_shops, shop
D:2:      layout_rooms
D:3:      layout_basic, mainiacjoe_overflow_alcove_4, uniq_natasha
D:4:      layout_loops_ring, mainiacjoe_overflow_big_doors,
          gammafunk_temple_overflow_pools, uniq_crazy_yiuf_cottage,
          uniq_blork_the_orc
D:5:      layout_rooms, minmay_temple_entry_enclosed_plants
D:6:      nicolae_whirlpool, layout_gridville, nicolae_qazlal_scattered_showers,
          evilmike_ruin_ashenzari, dreamdust_gnoll_farm
Temple:   compressed_dpeg_circular_temple

Skill      XL: |  1  2  3  4  5  6  7  8 |
---------------+-------------------------+-----
Fighting       | 1 2 3 |  3.7
Unarmed Combat | 1 2 3 |  3.7
Hexes          | 1 2 3 |  3.4
Dodging        | 3 4 |  4.3
Spellcasting   | 3 4 |  4.0
Summonings     | 5 |  5.6
Stealth        | |  2.6
Air Magic      | |  0.4

Action                   |  1- 3 |  4- 6 |  7- 9 || total
-------------------------+-------+-------+-------++-------
Melee: Unarmed           |    34 |    19 |    29 ||    82
       Constrict         |    11 |     6 |     5 ||    22
       Tentacles         |     9 |     6 |     8 ||    23
       Punch             |     1 |     1 |     2 ||     4
 Cast: Summon Small Mamm |    27 |     9 |    10 ||    46
       Call Canine Famil |     5 |    30 |    33 ||    68
       Summon Guardian G |       |     5 |    16 ||    21
       Summon Lightning  |       |       |     1 ||     1
Evoke: Wand              |       |     1 |     2 ||     3
  Use: Scroll            |       |     5 |       ||     5
Armor: Skin              |     2 |     1 |     1 ||     4
Dodge: Dodged            |    39 |    25 |    39 ||   103

Table legend: (Time is in decaauts)
 A = Elapsed time spent in this place.
 B = Non-inter-level travel time spent in this place.
 C = Inter-level travel time spent in this place.
 D = Time resting spent in this place.
 E = Time spent auto-exploring this place.
 F = Levels seen in this place.
 G = Mean time per level.
                   A        B        C        D        E       F      G
               +--------+--------+--------+--------+--------+-----+--------+
         Total |   7254 |   6854 |    400 |    842 |   4393 |   7 | 1036.3 |
       Dungeon |   7168 |   6777 |    391 |    842 |   4337 |   6 | 1194.7 |
        Temple |     85 |     76 |      9 |      0 |     56 |   1 |   85.0 |
               +--------+--------+--------+--------+--------+-----+--------+

Top non-repeatable levels by time:
     D:4: 2141 daAuts
     D:5: 1587 daAuts
     D:2: 1045 daAuts
     D:3: 1018 daAuts
     D:1: 981 daAuts
     D:6: 394 daAuts
  Temple: 85 daAuts
